 Dungeon Crawl Stone Soup version 0.30-a0-930-gb9d0489357 (webtiles) character file.

Game seed: 1066761336916169531

9 Esekla the Sneak (level 2, 21/21 HPs)
             Began as an Octopode Delver on Mar 23, 2023.
             Quit the game on level 5 of the Dungeon.
             The game lasted 00:00:59 (127 turns).

Esekla the Sneak (Octopode Delver)                   Turns: 127, Time: 00:00:59

Health: 21/21      AC:  1    Str: 11    XL:     2   Next: 12%
Magic:  2/2        EV: 13    Int: 12    God:
Gold:   0          SH:  0    Dex: 19    Spells: 1/1 levels left

rFire   . . .      SeeInvis .    a - +0 falchion
rCold   . . .      Faith    .    (no shield)
rNeg    . . .      Spirit   .    (helmet restricted)
rPois   .          Reflect  .    (no amulet)
rElec   .          Rampage  .    c - +6 ring of dexterity
rCorr   .                        (no ring)
Will    .....                    (no ring)
Stlth   +++++                    (no ring)
HPRegen 0.23/turn                (no ring)
MPRegen 0.08/turn                (no ring)
                                 (no ring)
                                 (no ring)

@: no status effects
A: almost no armour, amphibious, 8 rings, camouflage 1, gelatinous body 1,
(nimble swimmer 1), tentacles
a: no special abilities


You were on level 5 of the Dungeon.
You visited 1 branch of the dungeon, and saw 1 of its levels.

Inventory:

Hand Weapons
 a - a +0 falchion (weapon)
Jewellery
 c - a +6 ring of dexterity (left tentacle)
Wands
 f - a wand of digging (3)
Scrolls
 b - a scroll of fog
 d - a scroll of fear
Potions
 e - a potion of haste


   Skills:
 * Level 3.1 Fighting
 * Level 2.0 Long Blades
 * Level 2.1 Dodging
 + Level 6.8 Stealth
 * Level 0.3 Spellcasting


You had one spell level left.
You didn't know any spells.
Your spell library was empty.

Dungeon Overview and Level Annotations

Branches:
Dungeon (5/15)
 Temple: D:4-7

Altars:
Makhleb


Innate Abilities, Weirdness & Mutations

You cannot wear most types of armour.
You are amphibious.
You can wear up to eight rings at the same time.
Your skin changes colour to match your surroundings (Stealth+).
Your rubbery body absorbs attacks. (AC +1, EV +1)
((You are camouflaged when in or above water. (Stealth+)))
You have tentacles for arms and can constrict up to eight enemies at once.


Message History

It's a long, long way down to the Orb of Zot, but that shouldn't be any trouble.
Press ? for a list of commands and other information.
Found a leather armour.
Found a stone staircase leading down.
As you read the scroll of magic mapping, it crumbles to dust.
You feel aware of your surroundings.
You sensed 2 altars.
You see here a +0 leather armour.
Found a tubular jade ring.
Found a stone staircase leading up.
c - a +6 ring of dexterity You feel agile.
c - a +6 ring of dexterity (left tentacle)
An adder comes into view.
Found a stone staircase leading up.
The adder hisses angrily.
You hit the adder. Your grab misses the adder.
The adder is moderately wounded.
The adder bites you.
You miss the adder. Your grab misses the adder.
You tentacle-slap the adder, but do no damage.
The adder is moderately wounded.
The adder barely misses you. x2
You hit the adder. Your grab misses the adder. You squeeze the adder.
The adder is severely wounded.
The adder closely misses you.
You hit the adder but do no damage. You grab the adder.
The adder is severely wounded.
You constrict the adder. The adder barely misses you. The adder bites you.
You hit the adder but do no damage.
The adder is severely wounded.
You constrict the adder. The adder barely misses you.
You barely miss the adder.
The adder is severely wounded.
You constrict the adder.
You kill the adder!
You have reached level 2!
There is a stone staircase leading up here.
You open the door.
A worm comes into view.
You close the door.
Are you sure you want to abandon this character and quit the game? (Confirm with "yes".)

*,,,,,,,* *,*****<
*,***#..# ****,*****,
#,* #.§# *,,,,,,,,,,
#.####§≈****#*,*,*****,
#.#...§#*⌠*⌠##*,,* *,
#.#.##≈#~~≈≈≈#*,,*****,
#.....≈#~§..≈#*,,,,,,,,
#.....§#§...≈⌠*********
###.#.@+.§w.§**
#.##≈#≈...≈⌠*
##.##≈#~...§#***
##...#≈#~~≈≈≈#*,**
#....§§##⌠*⌠##*,,**
#....#≈≈#***#*,,,,** *
#.#..§§###,,,,,,,,,****
#........+,,,,,,,,,+,,,
#.#....###,,,,,,,,,****


There were no monsters in sight!

Vanquished Creatures
  An adder (D:5)
1 creature vanquished.

Notes
Turn   | Place    | Note
-------+----------+-------------------------------------------
     0 | D:5      | Esekla the Octopode Delver began the quest for the Orb.
     0 | D:5      | Reached XP level 1. HP: 16/16 MP: 1/1
    93 | D:5      | Reached XP level 2. HP: 19/21 MP: 2/2
   125 | D:5      | Found a burning altar of Makhleb.
   127 | D:5      | Quit the game

Illustrated notes

Levels and vault maps discovered:
D:5:      layout_loops_corners, lightli_temple_of_fire,
          worldfamousw_hep_ancestral_shrine, fountainhead, uniq_eustachio,
          uniq_pikel

Action                     || total
---------------------------++-------
  Melee: Falchion          ||     6
         Constrict         ||     1
         Punch             ||     1
         Tentacles         ||     1
    Use: Scroll            ||     1
  Dodge: Dodged            ||     5

Table legend: (Time is in decaauts)
 A = Elapsed time spent in this place.
 B = Non-inter-level travel time spent in this place.
 C = Inter-level travel time spent in this place.
 D = Time resting spent in this place.
 E = Time spent auto-exploring this place.
 F = Levels seen in this place.
 G = Mean time per level.
                   A        B        C        D        E       F      G
               +--------+--------+--------+--------+--------+-----+--------+
         Total |    127 |    127 |      0 |      0 |      0 |   1 |  127.0 |
       Dungeon |    127 |    127 |      0 |      0 |      0 |   1 |  127.0 |
               +--------+--------+--------+--------+--------+-----+--------+

Top non-repeatable levels by time:
     D:5: 127 daAuts
